 Dungeon Crawl Stone Soup version 0.30-a0-1043-g60ff8d5f49 (webtiles) character file.

Game seed: 3416695172890838111

18 BlueFish the Grasshopper (level 2, -1/19 HPs)
             Began as an Octopode Warper on Apr 11, 2023.
             Slain by a kobold
             ... wielding a +0 short sword
              (4 damage)
             ... on level 1 of the Dungeon.
             The game lasted 00:01:31 (319 turns).

BlueFish the Grasshopper (Octopode Warper)           Turns: 319, Time: 00:01:31

Health: -1/19      AC:  1    Str: 10    XL:     2   Next: 70%
Magic:  5/5        EV: 13    Int: 15    God:
Gold:   52         SH:  0    Dex: 11    Spells: 2/5 levels left

rFire   . . .      SeeInvis .      - Unarmed
rCold   . . .      Faith    .    (no shield)
rNeg    . . .      Spirit   .    (helmet restricted)
rPois   .          Reflect  .    (no amulet)
rElec   .          Rampage  .    (no ring)
rCorr   .                        (no ring)
Will    .....                    (no ring)
Stlth   +++                      (no ring)
HPRegen 0.23/turn                (no ring)
MPRegen 0.09/turn                (no ring)
                                 (no ring)
                                 (no ring)

@: no status effects
A: almost no armour, amphibious, 8 rings, camouflage 1, gelatinous body 1,
(nimble swimmer 1), tentacles
a: no special abilities


You were on level 1 of the Dungeon.
You visited 1 branch of the dungeon, and saw 1 of its levels.

You collected 52 gold pieces.

Inventory:

Missiles
 b - 7 boomerangs of dispersal (quivered)
Scrolls
 a - a scroll of blinking
 c - a scroll of enchant weapon {unknown}
 e - 2 scrolls of identify {unknown}
 f - a scroll of fog {unknown}
Potions
 d - a potion of curing {unknown}


   Skills:
 + Level 2.1 Fighting
 + Level 1.1 Throwing
 + Level 2.4 Dodging
 * Level 1.7 Stealth
 + Level 2.1 Unarmed Combat
 + Level 2.1 Spellcasting
 + Level 3.0 Translocations


You had 2 spell levels left.
You knew the following spells:

 Your Spells              Type           Power      Damage    Failure   Level
a - Apportation           Tloc           20%        N/A       6%          1
b - Blink                 Tloc           20%        N/A       10%         2

Your spell library contained the following spells:

 Spells                   Type           Power      Damage    Failure   Level
 Lesser Beckoning         Tloc           20%        N/A       10%         2
 Necrotise                Necr           4%         1d4       22%         1
 Summon Small Mammal      Summ           4%         N/A       22%         1
 Teleport Other           Tloc           10%        N/A       19%         3
 Vhi's Electric Charge    Tloc/Air       12%        N/A       34%         3
 Manifold Assault         Tloc           10%        N/A       52%         4


Dungeon Overview and Level Annotations

Branches:
Dungeon (1/15)

Altars:


Innate Abilities, Weirdness & Mutations

You cannot wear most types of armour.
You are amphibious.
You can wear up to eight rings at the same time.
Your skin changes colour to match your surroundings (Stealth+).
Your rubbery body absorbs attacks. (AC +1, EV +1)
((You are camouflaged when in or above water. (Stealth+)))
You have tentacles for arms and can constrict up to eight enemies at once.


Message History

You constrict the frilled lizard.
You kill the frilled lizard!
You completely miss the endoplasm. The endoplasm closely misses you.
You tentacle-slap the endoplasm.
You kill the endoplasm!
You closely miss the rat. Your grab misses the rat. You squeeze the rat.
You kill the rat!
A kobold comes into view. It is wielding a +0 short sword.
HP restored.
Items here: ††††.
Found an escape hatch in the floor.
e - 2 scrolls labelled LAUT QIYFUZIH (gained 1)
A goblin comes into view. It is wielding a +0 club.
Found 4 gold pieces.
The goblin shouts!
A goblin comes into view. It is wielding a +0 club.
An endoplasm comes into view.
The goblin hits you with a +0 club.
You barely miss the goblin.
The goblin shouts!
Your grab misses the goblin. The goblin hits you with a +0 club.
You miss the goblin. Your grab misses the goblin.
Your squeeze misses the goblin. The goblin closely misses you.
The kobold hits you with a +0 short sword.
You closely miss the kobold. Your grab misses the kobold.
The goblin barely misses you.
The kobold hits you with a +0 short sword.
The endoplasm freezes you.
You are frozen.
* * * LOW HITPOINT WARNING * * *
The goblin attacks as you move away! The goblin closely misses you.
The kobold hits you with a +0 short sword.
* * * LOW HITPOINT WARNING * * *
The goblin misses you. The kobold attacks as you move away!
The kobold closely misses you. The goblin attacks as you move away!
The goblin misses you. The goblin attacks as you move away!
The goblin barely misses you. The kobold attacks as you move away!
The kobold hits you with a +0 short sword.
You die...

.♣.....# #........##########....
.......# #........#.....# #....
.♣.....# #........#.....# #....
.......# #..............## #....
.♣.....# #.......##...$.........
.......# #............# ......#
.......# #............# .......#
###########......g.....#########
.....[..†.......@gJ.....#
###########......K....#..#
#...........# .... #...........#
.... #.....[.....# ...
#...........# .. #...........# .
#.......>...#


You could see an endoplasm, 2 goblins and a kobold.

Vanquished Creatures
  3 endoplasms (D:1)
  A goblin (D:1)
  2 hobgoblins (D:1)
  3 jackals (D:1)
  A quokka (D:1)
  2 bats (D:1)
  2 frilled lizards (D:1)
  A kobold (D:1)
  A rat (D:1)
16 creatures vanquished.

Notes
Turn   | Place    | Note
-------+----------+-------------------------------------------
     0 | D:1      | BlueFish the Octopode Warper began the quest for the Orb.
     0 | D:1      | Reached XP level 1. HP: 14/14 MP: 3/3
    85 | D:1      | Reached skill level 1 in Stealth
    89 | D:1      | Reached XP level 2. HP: 18/19 MP: 5/5
    94 | D:1      | Learned a level 1 spell: Apportation
    97 | D:1      | Learned a level 2 spell: Blink
   319 | D:1      | Slain by a kobold

Illustrated notes

Levels and vault maps discovered:
D:1:      wander_arrival_estate, layout_basic

Skill      XL: |  1 |
---------------+----+-----
Stealth        | 1 |  1.7
Fighting       | |  2.1
Throwing       | |  1.1
Dodging        | |  2.4
Unarmed Combat | |  2.1
Spellcasting   | |  2.1
Translocations | |  3.0

Action                     || total
---------------------------++-------
  Melee: Unarmed           ||    36
         Tentacles         ||    10
         Constrict         ||     9
         Punch             ||     1
   Stab: Distracted        ||     1
  Dodge: Dodged            ||    21

Table legend: (Time is in decaauts)
 A = Elapsed time spent in this place.
 B = Non-inter-level travel time spent in this place.
 C = Inter-level travel time spent in this place.
 D = Time resting spent in this place.
 E = Time spent auto-exploring this place.
 F = Levels seen in this place.
 G = Mean time per level.
                   A        B        C        D        E       F      G
               +--------+--------+--------+--------+--------+-----+--------+
         Total |    318 |    318 |      0 |      0 |    153 |   1 |  318.0 |
       Dungeon |    318 |    318 |      0 |      0 |    153 |   1 |  318.0 |
               +--------+--------+--------+--------+--------+-----+--------+

Top non-repeatable levels by time:
     D:1: 318 daAuts
